 Dungeon Crawl Stone Soup version 0.30-a0-1066-g63dfefce0d (webtiles) character file.

Game seed: 3515689093225430714

1733 BubbleThief the Basher (level 9, -2/86 HPs)
             Began as a Naga Cinder Acolyte on Apr 12, 2023.
             Was a High Priest of Ignis.
             Slain by an orc warrior
             ... wielding a +1 dire flail of protection
              (15 damage)
             ... on level 7 of the Dungeon.
             The game lasted 00:10:44 (5637 turns).

BubbleThief the Basher (Naga Cinder Acolyte)        Turns: 5637, Time: 00:10:45

Health: -2/86      AC: 11    Str: 25    XL:     9   Next: 5%
Magic:  1/10       EV:  9    Int: 21    God:    Ignis [*****.]
Gold:   352        SH:  0    Dex:  7    Spells: 8/10 levels left

rFire   + + .      SeeInvis +    a - -1 mace (flame)
rCold   x . .      Faith    .    (no shield)
rNeg    . . .      Spirit   .    b - +0 robe
rPois   +          Reflect  .    h - +1 helmet
rElec   .          Rampage  .    B - +3 cloak of Eroilod {Str+5 Stlth-}
rCorr   .                        o - +0 pair of gloves
Will    +....                    (no barding) Stlth
                                 (no amulet)
HPRegen 0.34/turn                E - ring of fire
MPRegen 0.12/turn                s - +6 ring of intelligence

@: about to teleport, very slow
A: AC +3, large, see invisible, deformed body, poison resistance, slowness 2,
spit poison 1, naga tail 1
a: Spit Poison, Renounce Religion, Fiery Armour, Foxfire Swarm, Rising Flame


You were on level 7 of the Dungeon.
You worshipped Ignis.
Ignis was extremely pleased with you.
You visited 1 branch of the dungeon, and saw 7 of its levels.

You collected 352 gold pieces.

Inventory:

Hand Weapons
 a - a -1 mace of flaming (weapon)
Armour
 b - a +0 robe (worn)
 h - a +1 helmet (worn)
 o - a +0 pair of gloves (worn)
 t - a scarf of resistance
 B - the +3 cloak of Eroilod (worn) {Str+5 Stlth-}
   (You found it on level 6 of the Dungeon)

   Str:       It affects your strength (+5).
   Stlth:     It makes you less stealthy.
Jewellery
 r - a ring of protection from fire
 s - a +6 ring of intelligence (right hand)
 y - a ring of flight
 E - a ring of fire (left hand)
Wands
 C - a wand of roots (13)
Scrolls
 e - a scroll of magic mapping
 f - 8 scrolls of identify
 g - a scroll of enchant armour
 m - 4 scrolls of teleportation
 n - a scroll of vulnerability {unknown}
 w - a scroll of amnesia {unknown}
 A - a scroll of summoning {unknown}
Potions
 d - 2 potions of haste {unknown}
 i - 2 potions of invisibility {unknown}
 j - 2 potions of berserk rage {unknown}
 k - 2 potions of mutation {unknown}
 p - 4 potions of curing
 q - 3 potions of ambrosia
 u - a potion of degeneration {unknown}
 v - 3 potions of flight {unknown}
 x - a potion of heal wounds {unknown}
 z - a potion of lignification {unknown}
 D - a potion of brilliance {unknown}


   Skills:
 + Level 7.1 Fighting
 * Level 9.8 Maces & Flails
 - Level 1.0 Spellcasting
 - Level 3.0 Fire Magic


You had 8 spell levels left.
You knew the following spells:

 Your Spells              Type           Power      Damage    Failure   Level
a - Scorch                Fire           40%        2d6       7%          2

Your spell library contained the following spells:

 Spells                   Type           Power      Damage    Failure   Level
 Sandblast                Erth           2%         2d4       16%         1
 Passwall                 Tmut/Erth      0%         N/A       24%         2
 Dazzling Flash           Conj/Hex       2%         N/A       43%         3
 Stone Arrow              Conj/Erth      2%         3d7       43%         3
 Summon Guardian Golem    Hex/Summ       1%         N/A       43%         3
 Animate Armour           Summ/Erth      2%         N/A       85%         4
 Agony                    Necr           1%         N/A       99%         5
 Blade Hands              Tmut           0%         N/A       99%         5
 Silence                  Hex/Air        0%         N/A       99%         5
 Iron Shot                Conj/Erth      0%         9d1       100%        6
 Orb of Destruction       Conj           0%         9d5       100%        7
 Spellforged Servitor     Conj/Summ      0%         N/A       100%        7


Dungeon Overview and Level Annotations

Branches:
Dungeon (7/15)             Temple (0/1) D:6

Altars:

Annotations:
D:3 3 runed translucent doors, domi's ghost, amateur MeEE
D:5 2 transporters, BlueFalcon's ghost, amateur DrVM


Innate Abilities, Weirdness & Mutations

Your serpentine skin is tough. (AC +3)
You have supernaturally acute eyesight. (SInv)
Armour fits poorly on your strangely shaped body.
Your system is resistant to poisons. (rPois)
You cover ground very slowly.
You can spit poison.
You have a snake-like lower body.


Message History

It is a scroll of identify.
p - 4 potions of curing The orc priest casts a cantrip, but nothing happens.
The orc warrior hits you with a +1 dire flail of protection!
As you read the scroll labelled VOCOOS RAESUDE, it crumbles to dust.
It is a scroll of enchant armour.
Your +0 helmet glows green for a moment.
You have got your breath back.
The orc priest hits you with a +0 dagger.
The orc warrior misses you. The sky beast barely misses you.
As you read the scroll labelled FIR TETISUOZUNWY, it crumbles to dust.
The scroll dissolves into smoke.
It was a scroll of fog.
The orc priest barely misses you. The orc warrior barely misses you.
The sky beast hits you but does no damage.
As you read the scroll labelled ZEDOBL NEOFRI, it crumbles to dust.
You feel aware of your surroundings.
You sensed 5 altars.
It was a scroll of magic mapping.
The orc warrior looks more healthy.
The orc priest miscasts a cantrip.
The orc warrior hits you with a +1 dire flail of protection.
The sky beast hits you but does no damage.
As you read the scroll labelled ETAKUI TYTS, it crumbles to dust.
Your body is wracked with pain!
The orc warrior convulses!
The orc priest convulses!
The sky beast convulses!
The orc convulses!
The orc priest convulses!
It was a scroll of torment.
The orc priest hits you with a +0 dagger.
The orc warrior closely misses you. The sky beast hits you.
The sky beast shocks you.
* * * LOW HITPOINT WARNING * * *
As you read the scroll labelled LOMAKH DAUGASS, it crumbles to dust.
You feel strangely unstable.
It was a scroll of teleportation.
The orc priest hits you but does no damage.
The orc warrior hits you with a +1 dire flail of protection.
* * * LOW HITPOINT WARNING * * *
The sky beast hits you but does no damage.
The orc priest attacks as you move away!
The orc priest hits you but does no damage.
The orc warrior hits you with a +1 dire flail of protection!
* * * LOW HITPOINT WARNING * * *
The orc warrior hits you with a +1 dire flail of protection!
You die...

....................# *******
###................##
#..........####### ##..........#
#...........######
#................#
#............§§§##
#............§§§#
#.###........§§@# ***####****
#.# #........§oo# *,o....,,,,
#.# ######.#.§§Y######o.....,,,,
#.# #...§§oo.oo)oo.....,,,,
#.##########...#######oY....,,,,
*,.............'............,,,,
**##########...#######.,..o.,,,,
#...# *,,,...,,,, #...#
*,,,,$.,,,,


You could see an orc warrior, a sky beast (invisible) and an orc priest.

Vanquished Creatures
  A water moccasin (D:5)
  Duvessa (D:6)
  A black bear (D:5)
  An ogre (D:6)
  A bullfrog (D:6)
  2 scorpions
  4 wights (D:5)
  Dowan (D:6)
  5 killer bees (D:7)
  3 hounds (D:6)
  4 jellies
  A gnoll bouda (D:7)
  2 iguanas
  2 sleepcaps
  Natasha (D:1)
  An orc wizard (D:5)
  7 gnolls
  5 adders
  2 white imps
  An ufetubus (D:5)
  6 dart slugs
  22 orcs
  10 endoplasms
  4 giant cockroaches
  9 goblins
  9 hobgoblins
  3 quokkas
  5 ball pythons
  6 bats
  6 frilled lizards
  17 kobolds
  4 rats
147 creatures vanquished.

Vanquished Creatures (others)
  5 fungi (D:3)
  10 toadstools (D:3)
15 creatures vanquished.

Grand Total: 162 creatures vanquished

Notes
Turn   | Place    | Note
-------+----------+-------------------------------------------
     0 | D:1      | BubbleThief the Naga Cinder Acolyte began the quest for the
                  | Orb.
     0 | D:1      | Reached XP level 1. HP: 21/21 MP: 2/2
   130 | D:1      | Reached XP level 2. HP: 28/28 MP: 3/3
   253 | D:1      | Noticed an eye of devastation
   255 | D:1      | Noticed a floating eye
   257 | D:1      | Found a faded altar of an unknown god.
   288 | D:1      | Noticed a floating eye
   294 | D:1      | Noticed an eye of devastation
   349 | D:1      | Reached XP level 3. HP: 30/34 MP: 4/4
   533 | D:1      | Reached skill level 4 in Maces & Flails
   769 | D:2      | Noticed Natasha
   802 | D:1      | Killed Natasha
   803 | D:1      | Reached XP level 4. HP: 29/44 MP: 5/5
   806 | D:1      | Learned a level 2 spell: Scorch
  1558 | D:3      | Reached XP level 5. HP: 49/50 MP: 3/6
  1672 | D:3      | Noticed a kobold brigand
  1673 | D:3      | Found a runed translucent gate.
  1674 | D:3      | Found a runed translucent gate.
  1674 | D:3      | Noticed domi's ghost (amateur MeEE)
  1675 | D:3      | Found a runed translucent gate.
  1887 | D:3      | Reached skill level 5 in Maces & Flails
  2320 | D:4      | Reached XP level 6. HP: 56/58 MP: 4/7
  2879 | D:5      | Entered Level 5 of the Dungeon
  2999 | D:5      | Reached skill level 6 in Maces & Flails
  3201 | D:5      | Reached skill level 5 in Fighting
  3201 | D:5      | Reached XP level 7. HP: 64/67 MP: 1/8
  3337 | D:5      | Reached skill level 7 in Maces & Flails
  3428 | D:5      | Noticed BlueFalcon's ghost (amateur DrVM)
  3452 | D:5      | Found a transporter.
  3504 | D:5      | Found a transporter.
  3872 | D:6      | Reached XP level 8. HP: 73/76 MP: 4/9
  3882 | D:6      | Reached skill level 8 in Maces & Flails
  4249 | D:6      | Found a staircase to the Ecumenical Temple.
  4478 | D:6      | Noticed Duvessa
  4478 | D:6      | Noticed Dowan
  4483 | D:6      | Killed Duvessa
  4491 | D:6      | Killed Dowan
  4698 | D:6      | Identified the +3 cloak of Eroilod {Str+5 Stlth-}
  4780 | D:6      | Reached skill level 9 in Maces & Flails
  5187 | D:7      | Reached XP level 9. HP: 34/86 MP: 1/10
  5637 | D:7      | Slain by an orc warrior

Illustrated notes

Levels and vault maps discovered:
D:1:      ncdulo_lavacross, layout_basic,
          hellmonk_ecumenical_altar_watching_god, minmay_split_cup_large
D:2:      layout_rooms, uniq_natasha
D:3:      cheibrodos_fertilizer, layout_basic, gammafunk_ghost_nasty_kobolds
D:4:      layout_cave_pools
D:5:      layout_rooms, gammafunk_ghost_hive
D:6:      layout_basic, minmay_temple_entry_slanted, uniq_duvessa
D:7:      layout_basic, chequers_temple_overflow_minitemple

Skill      XL: |  1  2  3  4  5  6  7  8 |
---------------+-------------------------+-----
Maces & Flails | 4 5 6 7 9 |  9.8
Fighting       | 4 5 7 |  7.1
Spellcasting   | |  1.0
Fire Magic     | |  3.0

Action                     |  1- 3 |  4- 6 |  7- 9 || total
---------------------------+-------+-------+-------++-------
  Melee: Mace              |    55 |    73 |   100 ||   228
   Cast: Scorch            |       |    36 |    54 ||    90
 Invoke: Fiery Armour      |       |       |     1 ||     1
Ability: Spit Poison       |    29 |    30 |    26 ||    85
    Use: Scroll            |       |       |     6 ||     6
   Stab: Sleeping          |       |     1 |       ||     1
 Armour: Robe              |    17 |    32 |    61 ||   110
  Dodge: Dodged            |    40 |    34 |    71 ||   145

Table legend: (Time is in decaauts)
 A = Elapsed time spent in this place.
 B = Non-inter-level travel time spent in this place.
 C = Inter-level travel time spent in this place.
 D = Time resting spent in this place.
 E = Time spent auto-exploring this place.
 F = Levels seen in this place.
 G = Mean time per level.
                   A        B        C        D        E       F      G
               +--------+--------+--------+--------+--------+-----+--------+
         Total |   6846 |   6718 |    128 |    277 |   5400 |   7 |  978.0 |
       Dungeon |   6846 |   6718 |    128 |    277 |   5400 |   7 |  978.0 |
               +--------+--------+--------+--------+--------+-----+--------+

Top non-repeatable levels by time:
     D:6: 1384 daAuts
     D:3: 1353 daAuts
     D:5: 1050 daAuts
     D:1: 1009 daAuts
     D:7: 774 daAuts
     D:4: 759 daAuts
     D:2: 513 daAuts
